 Dungeon Crawl Stone Soup version 0.21.1-1-g345015f (webtiles) character file.

1433 tidbits the Chiller (level 8, -2/58 HPs)
             Began as a Gnoll Ice Elementalist on Apr 5, 2018.
             Was a Follower of Cheibriados.
             Slain by a black bear (6 damage)
             ... on level 7 of the Dungeon.
             The game lasted 00:12:02 (1502 turns).

tidbits the Chiller (Gnoll Ice Elementalist)        Turns: 1502, Time: 00:12:03

Health: -2/58      AC:  5    Str: 13    XL:     8   Next: 73%
Magic:  15/17      EV: 16    Int: 21    God:    Cheibriados [*.....]
Gold:   228        SH:  0    Dex: 18    Spells: 5/19 levels left

rFire    x x .     SeeInvis .   b - +1 short sword (venom)
rCold    + + .     Gourm    .   (no shield)
rNeg     . . .     Faith    .   B - +0 robe
rPois    .         Spirit   .   (no helmet)
rElec    .         Reflect  .   C - +1 cloak
rCorr    .         Harm     .   G - +0 pair of gloves (curse)
MR       .....                  (no boots)
Stlth    +++.......             x - amulet of magic regeneration
HPRegen  0.19/turn              f - ring of ice
MPRegen  0.40/turn              y - ring of ice

@: very slightly contaminated, very slow
A: distributed training, fangs 1, strong nose
a: Bend Time, Renounce Religion


You were on level 7 of the Dungeon.
You worshipped Cheibriados.
Cheibriados was aware of your devotion.
You were not hungry.

You visited 2 branches of the dungeon, and saw 8 of its levels.

You collected 228 gold pieces.

Inventory:

Hand Weapons
 a - a +0 dagger
 b - a +1 short sword of venom (weapon)
   (You took it off an orc on level 3 of the Dungeon)
 e - a +0 rapier
 n - a +0 shortbow
 p - a +0 short sword
Missiles
 i - 6 stones (quivered)
 v - 23 arrows
Armour
 g - a +0 ring mail
 m - a cursed -2 ring mail
 u - a cursed +0 buckler
 B - a +0 robe (worn)
 C - a +1 cloak (worn)
 G - a cursed +0 pair of gloves (worn)
Magical Staves
 s - an uncursed staff of conjuration {unknown}
   (You found it on level 3 of the Dungeon)
Jewellery
 f - a ring of ice (left hand)
   (You found it on level 1 of the Dungeon)
 x - an amulet of magic regeneration (around neck)
   (You found it on level 4 of the Dungeon)
 y - a ring of ice (right hand)
   (You found it on level 4 of the Dungeon)
Wands
 w - a wand of acid (6)
Scrolls
 j - a scroll of enchant weapon
 o - 2 scrolls of magic mapping {unknown}
 r - 2 scrolls of remove curse
 t - 3 scrolls of teleportation
Potions
 d - a potion of agility {unknown}
 k - a potion of curing
 l - 2 potions of brilliance {unknown}
 q - a potion of heal wounds {unknown}
Books
 h - a book of Frost

   Spells                             Type                      Level
   a - Freeze                         Ice                          1
   b - Throw Frost                    Conjuration/Ice              2
   c - Ozocubu's Armour               Charms/Ice                   3
   d - Throw Icicle                   Conjuration/Ice              4
   e - Summon Ice Beast               Ice/Summoning                4
Comestibles
 c - 8 rations


   Skills:
 + Level 3.4 Fighting
 + Level 3.4 Short Blades
 + Level 3.4 Long Blades
 + Level 3.4 Axes
 + Level 3.4 Maces & Flails
 + Level 3.4 Polearms
 + Level 3.4 Staves
 + Level 3.4 Slings
 + Level 3.4 Bows
 + Level 3.4 Crossbows
 + Level 3.4 Throwing
 + Level 3.4 Armour
 + Level 5.8 Dodging
 + Level 5.5 Stealth
 + Level 3.4 Shields
 + Level 3.4 Unarmed Combat
 + Level 6.1 Spellcasting
 + Level 3.6 Conjurations
 + Level 2.8 Hexes
 + Level 2.8 Charms
 + Level 2.8 Summonings
 + Level 2.8 Necromancy
 + Level 2.8 Translocations
 + Level 2.8 Transmutations
 + Level 2.8 Fire Magic
 + Level 6.2 Ice Magic
 + Level 2.8 Air Magic
 + Level 2.8 Earth Magic
 + Level 2.8 Poison Magic
 + Level 3.8 Invocations
 + Level 3.4 Evocations


You had 5 spell levels left.
You knew the following spells:

 Your Spells              Type           Power        Failure   Level  Hunger
a - Freeze                Ice            ####         1%          1    None
i - Throw Icicle          Conj/Ice       ######..     13%         4    ####...
j - Throw Frost           Conj/Ice       ######       1%          2    None
o - Ozocubu's Armour      Chrm/Ice       ######..     4%          3    ##.....
x - Summon Ice Beast      Ice/Summ       ######..     14%         4    ####...


Dungeon Overview and Level Annotations

Branches:
Dungeon (7/15)             Temple (1/1) D:4

Altars:
Cheibriados
Dithmenos
Elyvilon
Kikubaaqudgha
Ru
Sif Muna
Trog
Uskayaw
Vehumet
Yredelemnul
Zin
The Shining One


Innate Abilities, Weirdness & Mutations

Your experience applies equally to all skills.
You have very sharp teeth.
Your uncanny sense of smell can sniff out nearby items.


Message History

The phantom hits you but does no damage.
You hit the phantom but do no damage.
The phantom is moderately damaged.
The phantom misses you.
You closely miss the phantom.
The phantom is moderately damaged.
The phantom hits you but does no damage.
You barely miss the phantom.
The phantom is moderately damaged.
The phantom hits you but does no damage.
The phantom hits you.
* * * LOW HITPOINT WARNING * * *
You see here an animal skin.
The phantom blinks!
Casting: Throw Icicle
Confirm with . or Enter, or press ? or * to list all spells.
You don't know that spell.
Adjust (i)tems, (s)pells, or (a)bilities?
Adjust which spell? b - Summon Ice Beast Adjust to which letter? x - Summon Ice Beast
Casting: Throw Icicle
Confirm with . or Enter, or press ? or * to list all spells.
You feel a strong surge of power! A chill wind blows around you.
The phantom blinks!
The ogre misses you.
Unknown command.
You hit the ogre but do no damage. You puncture the ogre!
The ogre is moderately wounded.
Your icy armour starts to melt.
The ogre misses you.
You hit the ogre. You bite the ogre, but do no damage.
The ogre is heavily wounded.
The ogre misses you.
You hit the ogre.
The ogre is severely wounded.
The ogre hits you with a giant club.
* * * LOW HITPOINT WARNING * * *
Your ice beast hits the ogre.
Your ice beast freezes the ogre!
The ogre dies!
Cheibriados appreciates the change of pace.
You hit the water moccasin zombie.
Your bite misses the water moccasin zombie.
The water moccasin zombie is heavily damaged.
The water moccasin zombie bites you but does no damage.
Your ice beast barely misses the water moccasin zombie.
You hit the water moccasin zombie.
The water moccasin zombie is severely damaged.
The water moccasin zombie barely misses you.
Your ice beast closely misses the water moccasin zombie.
You completely miss the water moccasin zombie.
The water moccasin zombie is severely damaged.
Your icy armour evaporates.
The water moccasin zombie bites you.
* * * LOW HITPOINT WARNING * * *
Your ice beast hits the water moccasin zombie.
Your ice beast freezes the water moccasin zombie.
The water moccasin zombie resists.
You barely miss the water moccasin zombie.
The water moccasin zombie is severely damaged.
The water moccasin zombie bites you.
* * * LOW HITPOINT WARNING * * *
The phantom blinks!
Your ice beast hits the water moccasin zombie.
Your ice beast freezes the water moccasin zombie.
The water moccasin zombie resists.
The water moccasin zombie bites your ice beast but does no damage.
You catch the helpless water moccasin zombie completely off-guard!
You puncture the water moccasin zombie!
You destroy the water moccasin zombie!
Cheibriados thoroughly appreciates the change of pace.
Your ice beast completely misses the black bear.
Unknown command.
Wield which item (- for none, * to show all)? (? for menu, Esc to quit)
Your +1 short sword of venom begins to drip with poison!
b - a +1 short sword of venom (weapon)
Casting: Summon Ice Beast
Confirm with . or Enter, or press ? or * to list all spells.
Aiming: Freeze
Press: ? - help, Shift-Dir - straight line, f/p - black bear
Aim: a black bear You feel a strong surge of power!
You freeze the black bear.
The black bear is moderately wounded.
The black bear bites you!
* * * LOW HITPOINT WARNING * * *
The black bear claws you.
* * * LOW HITPOINT WARNING * * *
The black bear claws you.
* * * LOW HITPOINT WARNING * * *
Your ice beast barely misses the black bear.
Casting: Freeze
Confirm with . or Enter, or press ? or * to list all spells.
Aiming: Freeze
Press: ? - help, Shift-Dir - straight line, f/p - black bear
Aim: a black bear (moderately wounded)
You feel a strong surge of power!
You freeze the black bear.
The black bear is moderately wounded.
The black bear bites you.
You die...

#......######
#.....<.....#.
##...........#
.....##W####.#.
.#### #[# # #[#
#.# ∆ #h####.#.
#@Y......
#.....####.##
#.#####


You could see a phantom, a black bear and a friendly ice beast.

Vanquished Creatures
  Pikel (D:7)
  2 slaves (D:7)
  An ogre (D:6)
  2 centaurs
  2 bullfrogs (D:6)
  A water moccasin zombie (D:7)
  A scorpion (D:6)
  A water moccasin skeleton (D:5)
  A howler monkey (D:4)
  2 crimson imps
  2 orc priests
  A hound (D:6)
  2 bullfrog skeletons
  An orc wizard (D:4)
  An iguana (D:4)
  A worker ant (D:6)
  A hound skeleton (D:4)
  3 adders
  2 oozes
  A worm (D:3)
  2 dart slugs
  2 leopard geckos
  8 orcs
  A ball python (D:1)
  3 giant cockroaches
  7 goblins
  3 hobgoblins (D:1)
  3 jackals
  A quokka (D:2)
  8 bats
  A frilled lizard (D:4)
  12 kobolds
  6 rats
86 creatures vanquished.

Vanquished Creatures (collateral kills)
  An ogre (D:7)
1 creature vanquished.

Vanquished Creatures (others)
  A slave (D:7)
1 creature vanquished.

Grand Total: 88 creatures vanquished

Notes
Turn   | Place    | Note
-------+----------+-------------------------------------------
     0 | D:1      | tidbits the Gnoll Ice Elementalist began the quest for the Orb.
     0 | D:1      | Reached XP level 1. HP: 13/13 MP: 6/6
    94 | D:1      | Reached skill level 2 in Conjurations
    99 | D:1      | Reached XP level 2. HP: 19/19 MP: 3/7
   103 | D:1      | Learned a level 2 spell: Throw Frost
   160 | D:1      | Reached XP level 3. HP: 17/25 MP: 0/9
   165 | D:1      | Learned a level 3 spell: Ozocubu's Armour
   208 | D:1      | Reached skill level 5 in Spellcasting
   264 | D:2      | Reached skill level 1 in Invocations
   300 | D:3      | Found a glowing golden altar of the Shining One.
   365 | D:2      | You fall through a shaft for 2 floors!
   378 | D:4      | Reached skill level 1 in Fighting
   378 | D:4      | Reached skill level 1 in Short Blades
   378 | D:4      | Reached skill level 1 in Long Blades
   378 | D:4      | Reached skill level 1 in Axes
   378 | D:4      | Reached skill level 1 in Maces & Flails
   378 | D:4      | Reached skill level 1 in Polearms
   378 | D:4      | Reached skill level 1 in Staves
   378 | D:4      | Reached skill level 1 in Slings
   378 | D:4      | Reached skill level 1 in Bows
   378 | D:4      | Reached skill level 1 in Crossbows
   378 | D:4      | Reached skill level 1 in Throwing
   378 | D:4      | Reached skill level 1 in Armour
   378 | D:4      | Reached skill level 1 in Shields
   378 | D:4      | Reached skill level 1 in Unarmed Combat
   378 | D:4      | Reached skill level 1 in Evocations
   378 | D:4      | Reached XP level 4. HP: 11/32 MP: 8/11
   381 | D:4      | Reached skill level 1 in Hexes
   381 | D:4      | Reached skill level 1 in Charms
   381 | D:4      | Reached skill level 1 in Summonings
   381 | D:4      | Reached skill level 1 in Necromancy
   381 | D:4      | Reached skill level 1 in Translocations
   381 | D:4      | Reached skill level 1 in Transmutations
   381 | D:4      | Reached skill level 1 in Fire Magic
   381 | D:4      | Reached skill level 1 in Air Magic
   381 | D:4      | Reached skill level 1 in Earth Magic
   381 | D:4      | Reached skill level 1 in Poison Magic
   490 | D:3      | Reached XP level 5. HP: 20/37 MP: 8/12
   628 | D:5      | Entered Level 5 of the Dungeon
   880 | D:4      | Noticed a centaur
   890 | D:4      | Killed a centaur
   890 | D:4      | Reached skill level 2 in Invocations
   890 | D:4      | Reached XP level 6. HP: 12/44 MP: 7/13
   936 | D:4      | Found a staircase to the Ecumenical Temple.
   953 | Temple   | Entered the Ecumenical Temple
  1030 | Temple   | Became a worshipper of Cheibriados the Contemplative
  1136 | D:4      | Reached skill level 2 in Fighting
  1136 | D:4      | Reached skill level 2 in Short Blades
  1136 | D:4      | Reached skill level 2 in Long Blades
  1136 | D:4      | Reached skill level 2 in Axes
  1136 | D:4      | Reached skill level 2 in Maces & Flails
  1136 | D:4      | Reached skill level 2 in Polearms
  1136 | D:4      | Reached skill level 2 in Staves
  1136 | D:4      | Reached skill level 2 in Slings
  1136 | D:4      | Reached skill level 2 in Bows
  1136 | D:4      | Reached skill level 2 in Crossbows
  1136 | D:4      | Reached skill level 2 in Throwing
  1136 | D:4      | Reached skill level 2 in Armour
  1136 | D:4      | Reached skill level 5 in Dodging
  1136 | D:4      | Reached skill level 2 in Shields
  1136 | D:4      | Reached skill level 2 in Unarmed Combat
  1136 | D:4      | Reached skill level 2 in Evocations
  1147 | D:4      | Learned a level 4 spell: Summon Ice Beast
  1263 | D:5      | Reached XP level 7. HP: 34/50 MP: 12/15
  1361 | D:6      | Learned a level 4 spell: Throw Icicle
  1372 | D:6      | Reached skill level 2 in Hexes
  1372 | D:6      | Reached skill level 2 in Charms
  1372 | D:6      | Reached skill level 2 in Summonings
  1372 | D:6      | Reached skill level 2 in Necromancy
  1372 | D:6      | Reached skill level 2 in Translocations
  1372 | D:6      | Reached skill level 2 in Transmutations
  1372 | D:6      | Reached skill level 2 in Fire Magic
  1372 | D:6      | Reached skill level 2 in Air Magic
  1372 | D:6      | Reached skill level 2 in Earth Magic
  1372 | D:6      | Reached skill level 2 in Poison Magic
  1375 | D:6      | Reached skill level 3 in Conjurations
  1403 | D:6      | Reached * piety under Cheibriados
  1403 | D:6      | Reached skill level 5 in Stealth
  1426 | D:6      | Reached skill level 3 in Invocations
  1437 | D:6      | Reached skill level 6 in Ice Magic
  1437 | D:6      | Reached XP level 8. HP: 12/57 MP: 9/16
  1454 | D:7      | Noticed Pikel
  1467 | D:7      | Killed Pikel
  1467 | D:7      | Reached skill level 3 in Fighting
  1467 | D:7      | Reached skill level 3 in Short Blades
  1467 | D:7      | Reached skill level 3 in Long Blades
  1467 | D:7      | Reached skill level 3 in Axes
  1467 | D:7      | Reached skill level 3 in Maces & Flails
  1467 | D:7      | Reached skill level 3 in Polearms
  1467 | D:7      | Reached skill level 3 in Staves
  1467 | D:7      | Reached skill level 3 in Slings
  1467 | D:7      | Reached skill level 3 in Bows
  1467 | D:7      | Reached skill level 3 in Crossbows
  1467 | D:7      | Reached skill level 3 in Throwing
  1467 | D:7      | Reached skill level 3 in Armour
  1467 | D:7      | Reached skill level 3 in Shields
  1467 | D:7      | Reached skill level 3 in Unarmed Combat
  1467 | D:7      | Reached skill level 6 in Spellcasting
  1467 | D:7      | Reached skill level 3 in Evocations
  1501 | D:7      | HP: 5/58 [black bear (1)]
  1502 | D:7      | Slain by a black bear

Skill      XL: |  1  2  3  4  5  6  7  8 |
---------------+-------------------------+-----
Conjurations   | 2 3 |  3.6
Spellcasting   | 5 6 |  6.1
Invocations    | 1 2 3 |  3.8
Fighting       | 1 2 3 |  3.4
Short Blades   | 1 2 3 |  3.4
Long Blades    | 1 2 3 |  3.4
Axes           | 1 2 3 |  3.4
Maces & Flails | 1 2 3 |  3.4
Polearms       | 1 2 3 |  3.4
Staves         | 1 2 3 |  3.4
Slings         | 1 2 3 |  3.4
Bows           | 1 2 3 |  3.4
Crossbows      | 1 2 3 |  3.4
Throwing       | 1 2 3 |  3.4
Armour         | 1 2 3 |  3.4
Shields        | 1 2 3 |  3.4
Unarmed Combat | 1 2 3 |  3.4
Evocations     | 1 2 3 |  3.4
Hexes          | 1 2 |  2.8
Charms         | 1 2 |  2.8
Summonings     | 1 2 |  2.8
Necromancy     | 1 2 |  2.8
Translocations | 1 2 |  2.8
Transmutations | 1 2 |  2.8
Fire Magic     | 1 2 |  2.8
Air Magic      | 1 2 |  2.8
Earth Magic    | 1 2 |  2.8
Poison Magic   | 1 2 |  2.8
Dodging        | 5 |  5.8
Stealth        | 5 |  5.5
Ice Magic      | 6 |  6.2

Action                   |  1- 3 |  4- 6 |  7- 9 || total
-------------------------+-------+-------+-------++-------
Melee: Unarmed           |     1 |       |       ||     1
       Short sword       |    11 |    60 |    23 ||    94
       Bite              |     1 |     8 |     6 ||    15
       Dagger            |    10 |     2 |       ||    12
       Rapier            |       |       |    17 ||    17
       Punch             |       |       |     1 ||     1
Throw: Stone             |       |       |     1 ||     1
 Cast: Freeze            |    32 |    40 |    24 ||    96
       Ozocubu's Armour  |       |     4 |     3 ||     7
       Throw Icicle      |       |       |     3 ||     3
       Summon Ice Beast  |       |       |     1 ||     1
Evoke: Wand              |       |       |     2 ||     2
  Use: Scroll            |       |     5 |     1 ||     6
       Potion            |       |       |     1 ||     1
 Stab: Sleeping          |     7 |     6 |     1 ||    14
       Distracted        |       |       |     1 ||     1
  Eat: Ration            |       |       |     1 ||     1
Armor: Robe              |     9 |    21 |    28 ||    58
Dodge: Dodged            |    44 |    93 |    37 ||   174

Table legend:
 A = Turns spent in this place as a percentage of turns spent in the entire game.
 B = Non-inter-level travel turns spent in this place as a percentage of non-inter-level travel turns spent in the entire game.
 C = Inter-level travel turns spent in this place as a percentage of turns spent in this place.
 D = Turns resting spent in this place as a percentage of non-inter-level travel turns spent in this place.
 E = Turns spent auto-exploring this place as a percentage of non-inter-level travel turns spent in this place.
 F = Non-inter-level travel turns spent in this place divided by the number of levels of this place that you've seen.
                   A       B       C       D       E      F
               +-------+-------+-------+-------+-------+----------------------
         Total | 100.0 | 100.0 |   3.2 |   0.0 |   0.0 | 181.8
       Dungeon |  93.3 |  93.1 |   3.4 |   0.0 |   0.0 | 193.3
        Temple |   6.7 |   6.9 |   0.0 |   0.0 |   0.0 | 101.0
               +-------+-------+-------+-------+-------+----------------------

Table legend:
 A = Kills in this place as a percentage of kills in entire the game.
 B = Kills by you in this place as a percentage of kills by you in the entire game.
 C = Kills by friends in this place as a percentage of kills by friends in the entire game.
 D = Other kills in this place as a percentage of other kills in the entire game.
 E = Experience gained in this place as a percentage of experience gained in the entire game.
 F = Experience gained in this place divided by the number of levels of this place that you have seen.
                   A       B       C       D       E      F
               +-------+-------+-------+-------+-------+----------------------
         Total | 100.0 | 100.0 | 100.0 |   N/A | 100.0 | 256.0
       Dungeon | 100.0 | 100.0 | 100.0 |   N/A | 100.0 | 292.6
               +-------+-------+-------+-------+-------+----------------------

Vault maps used:
D:1:      dpeg_arrival_subterranean_lakeside_camping, minmay_misc_feat_encased
D:2:      uniq_sigmund, uniq_robin
D:3:      lemuel_crystal_altar, serial_glass, glass_columns_b, glass_columns_a
D:4:      kennysheep_six_static_rooms, minmay_temple_entry_hall, first_ration
D:5:      minitemple
D:6:      uniq_crazy_yiuf_cottage
D:7:      lemuel_doored_altar, grunt_temple_overflow_open, basic_altar,
          grunt_livestock, uniq_pikel
Temple:   minmay_temple_curvy_loop
